 Dungeon Crawl Stone Soup version 0.31-a0-986-g5e6e4ef867 (webtiles) character file.

Game seed: 10379314559894214777

81 Firecrotchwizard the Chopper (level 4, -1/41 HPs)
             Began as a Hill Orc Monk on Nov 4, 2023.
             Succumbed to an orc's poison
             ... on level 3 of the Dungeon.
             The game lasted 00:03:32 (788 turns).

Firecrotchwizard the Chopper (Hill Orc Monk)         Turns: 788, Time: 00:03:32

Health: -1/41      AC:  8    Str: 15    XL:     4   Next: 40%
Magic:  4/4        EV:  7    Int: 10    God:
Gold:   39         SH:  0    Dex: 13    Spells: 3/3 levels left

rFire   . . .        a - +0 hand axe
rCold   . . .        d - orb {light}
rNeg    . . .        k - +0 chain mail
rPois   .            (no helmet)
rElec   .            (no cloak)
rCorr   .            (no gloves)
SInv    .            (no boots)
Will    .....        (no amulet) Stlth
                     (no ring)
HPRegen 0.26/turn    (no ring)
MPRegen 0.09/turn

%: no passive effects
@: lethally poisoned (-1 -> -19), glowing
A: no striking features
a: no special abilities


You were on level 3 of the Dungeon.
You visited 1 branch of the dungeon, and saw 3 of its levels.

You collected 39 gold pieces.

Inventory:

Hand Weapons
 a - a +0 hand axe (weapon)
Missiles
 f - 3 atropa-tipped darts
Armour
 b - a +0 robe
 d - an orb of light (worn)
 k - a +0 chain mail (worn)
Jewellery
 h - a ring of wizardry
 j - a ring of resist corrosion
 n - an amulet of faith
Scrolls
 e - 2 scrolls of identify {unknown}
 g - a scroll of enchant weapon {unknown}
 i - a scroll of amnesia {unknown}
 l - a scroll of acquirement {unknown}
 m - a scroll of enchant armour {unknown}
Potions
 o - a potion of curing {unknown}


   Skills:
 + Level 4.6 Fighting
 * Level 5.9 Axes
 - Level 2.4 Dodging


You had 3 spell levels left.
You didn't know any spells.
Your spell library was empty.

Dungeon Overview and Level Annotations

Branches:
Dungeon (3/15)

Altars:
Xom


Message History

Found a chain mail.
There is an open door here.
o - a green potion
There is an open door here.
You see here the +1 leather armour of Oxkoz {Int+2}. 2 orcs come into view.
The orc shouts!
An orc comes into view. It is wielding a +0 club.
The orc shouts!
You hear a shout!
The orc closely misses you.
An orc comes into view.
It is wielding a +2 short sword of venom.
An orc comes into view. It is wielding a +0 flail.
The orc shouts!
You slash the orc!
You kill the orc!
A bat comes into view.
You see here a +0 mace.
You barely miss the orc. The orc hits you with a +0 dagger.
You hit the orc.
The orc is lightly wounded.
You hit the orc. The orc hits you but does no damage. x2
You hit the orc but do no damage.
The orc is lightly wounded.
You hit the orc but do no damage. The orc closely misses you.
The orc hits you with a +0 club.
A worm comes into view.
You hit the orc.
The orc is severely wounded.
You hit the orc. The orc hits you but does no damage.
You hit the orc but do no damage.
The orc is severely wounded.
You hit the orc but do no damage. x2; The orc barely misses you.
The orc hits you with a +2 short sword of venom.
The orc hits you with a +0 club.
You hit the orc but do no damage.
The orc is severely wounded.
You hit the orc. x2; You barely miss the orc.
The orc barely misses you. The orc hits you but does no damage.
You are poisoned.
The orc barely misses you. The orc closely misses you.
You hit the orc but do no damage.
The orc is severely wounded.
You barely miss the orc. You hit the orc but do no damage. x2
You feel very sick. The orc hits you but does no damage.
The orc barely misses you. The orc hits you but does no damage.
The orc barely misses you.
You hit the orc.
You kill the orc!
You hit the orc but do no damage. x2; You hit the orc.
You feel sick. The bat closely misses you. The orc hits you but does no damage.
The orc closely misses you. The orc hits you with a +0 flail.
You completely miss the orc. x2; You hit the orc.
You feel sick. The bat hits you. The orc hits you but does no damage.
The orc completely misses you. The orc closely misses you.
You hit the orc.
The orc is lightly wounded.
You hit the orc.
You kill the orc!
You hit the orc.
You feel sick. The bat hits you.
* * * LOW HITPOINT WARNING * * *
The orc hits you with a +0 dagger.
* * * LOW HITPOINT WARNING * * *
The orc hits you with a +2 short sword of venom.
* * * LOW HITPOINT WARNING * * *
You are lethally poisoned!
You are confused.
You feel invigorated.
* * * LOW HITPOINT WARNING * * *
You feel very sick. The orc hits you but does no damage.
The orc hits you with a +2 short sword of venom.
* * * LOW HITPOINT WARNING * * *
You are more poisoned.
You hit the orc.
The orc is almost dead.
You hit the orc but do no damage. You closely miss the bat.
* * * LOW HITPOINT WARNING * * *
You feel very sick. The bat misses you. The bat hits you but does no damage.
The orc completely misses you. The orc barely misses you.
You closely miss the orc.
The orc is almost dead.
You hit the orc. You hit the bat.
You feel less invigorated.
You feel less confused.
* * * LOW HITPOINT WARNING * * *
You feel very sick. The bat hits you but does no damage.
The orc hits you but does no damage.
The orc hits you with a +2 short sword of venom.
* * * LOW HITPOINT WARNING * * *
You are more poisoned.
You hit the orc.
You kill the orc!
You hit the orc but do no damage. You hit the worm.
* * * LOW HITPOINT WARNING * * *
You feel very sick. The orc hits you but does no damage.
You hit the worm.
The worm is moderately wounded.
You closely miss the bat. You hit the orc but do no damage.
You die...

#.#
....>..[#.....#
#.#
####.#..#.....#
#.# #.#..###...#
#.#
######.#..###...##
#.#
#......#..........
#.#
#......##..#######
#.#
#........#.######
#.#
#...).##.#......#
#<#
#...o@##........+
###
#...wb####......#
#.....# #......#
#.....# #...#+##
#.....# #...#
#...... .....
#...... ......
#...... .....#


You could see a worm, an orc and a bat.

Vanquished Creatures
  Terence (D:2)
  An adder (D:2)
  2 worms (D:2)
  2 dart slugs
  4 orcs (D:3)
  2 bats (D:2)
  An endoplasm (D:1)
  7 goblins
  3 hobgoblins
  2 jackals (D:2)
  2 quokkas
  2 ball pythons
  2 frilled lizards (D:1)
31 creatures vanquished.

Notes
Turn   | Place    | Note
-------+----------+-------------------------------------------
     0 | D:1      | Firecrotchwizard the Hill Orc Monk began the quest for the
                  | Orb.
     0 | D:1      | Reached XP level 1. HP: 19/19 MP: 1/1
    69 | D:1      | Reached XP level 2. HP: 24/27 MP: 2/2
   366 | D:2      | Reached skill level 5 in Axes
   368 | D:2      | Reached XP level 3. HP: 23/33 MP: 3/3
   413 | D:2      | Noticed Terence
   521 | D:2      | Killed Terence
   594 | D:2      | Reached XP level 4. HP: 41/41 MP: 4/4
   741 | D:3      | Found a shimmering altar of Xom.
   758 | D:3      | Identified the +1 leather armour of Oxkoz {Int+2}
   787 | D:3      | HP: 2/41 [poisoned by an orc]
   788 | D:3      | Succumbed to an orc's poison

Illustrated notes

Levels and vault maps discovered:
D:1:      roderic_crop_circles_arrival_small, layout_loops_cross,
          minmay_misc_feat_more_columns, chequers_serial_rivers_micro_c
D:2:      layout_basic, shapermc_ecumenical_altar_flowoftime,
          minmay_goblin_outpost, uniq_terence, uniq_robin
D:3:      layout_basic, riverfiend_overflow_shadow_ancestor, xom_butterflies,
          mainiacjoe_overflow_catwalk, uniq_natasha

Skill      XL: |  1  2 |
---------------+-------+-----
Fighting       | 4 |  4.6
Axes           | 5 |  5.9
Dodging        | |  2.4

Action                     |  1- 3 |  4- 6 || total
---------------------------+-------+-------++-------
  Melee: Hand axe          |    86 |    39 ||   125
  Throw: Dart              |     2 |       ||     2
    Use: Potion            |       |     1 ||     1
   Stab: Invisible         |     1 |       ||     1
 Armour: Robe              |    41 |       ||    41
         Chain mail        |     8 |    34 ||    42
  Dodge: Dodged            |    66 |    22 ||    88

Table legend: (Time is in decaauts)
 A = Elapsed time spent in this place.
 B = Non-inter-level travel time spent in this place.
 C = Inter-level travel time spent in this place.
 D = Time resting spent in this place.
 E = Time spent auto-exploring this place.
 F = Levels seen in this place.
 G = Mean time per level.
                   A        B        C        D        E       F      G
               +--------+--------+--------+--------+--------+-----+--------+
         Total |    796 |    732 |     64 |    182 |    233 |   3 |  265.3 |
       Dungeon |    796 |    732 |     64 |    182 |    233 |   3 |  265.3 |
               +--------+--------+--------+--------+--------+-----+--------+

Top non-repeatable levels by time:
     D:2: 433 daAuts
     D:1: 275 daAuts
     D:3: 86 daAuts
